 Dungeon Crawl Stone Soup version 0.28-a0-43-g560ac104fe (webtiles) character file.

Game seed: 2364170364325860393

448 Sobieck the Conjurer (level 7, -2/40 HPs)
             Began as a Tengu Conjurer on July 28, 2021.
             Killed from afar by an orc wizard (5 damage)
             ... with a magic dart
             ... on level 4 of the Dungeon.
             The game lasted 00:08:07 (3684 turns).

Sobieck the Conjurer (Tengu Conjurer)               Turns: 3684, Time: 00:08:08

Health: -2/40      AC:  2    Str:  8    XL:     7   Next: 4%
Magic:  12/14      EV: 15    Int: 20    God:
Gold:   199        SH:  0    Dex: 12    Spells: 3/14 levels left

rFire   . . .      SeeInvis .   w - +2 war axe (freeze) {axe}
rCold   . . .      Faith    .   (no shield)
rNeg    . . .      Spirit   .   a - +0 robe
rPois   .          Reflect  .   (helmet restricted)
rElec   .          Harm     .   (no cloak)
rCorr   .          Rampage  .   (no gloves)
Will    .....                   (boots unavailable)
Stlth   +.........              r - amulet of the acrobat
HPRegen 0.13/turn               (no ring)
MPRegen 0.14/turn               (no ring)

@: confused, mighty, attractive, flying quickly and evasively, hasted, very
quick
A: beak, talons 3, nimble flight
a: no special abilities


You were on level 4 of the Dungeon.
You visited 1 branch of the dungeon, and saw 4 of its levels.

You collected 199 gold pieces.


Innate Abilities, Weirdness & Mutations

You have a beak for a mouth.
You have claws for feet.
Your magical nature lets you fly swiftly and evasively.


   Skills:
 - Level 2.0 Fighting
 + Level 3.0 Dodging
 - Level 2.0 Stealth
 + Level 4.3 Spellcasting
 + Level 7.4 Conjurations
 + Level 1.1 Hexes
 + Level 1.1 Translocations


You had 3 spell levels left.
You knew the following spells:

 Your Spells              Type           Power      Damage    Failure   Level
a - Magic Dart            Conj           100%       1d8       1%          1
b - Searing Ray           Conj           68%        3d5       1%          2
c - Fulminant Prism       Conj/Hex       10%        3d9       22%         4
d - Iskenderun's Mystic   Conj/Tloc      21%        2d6       22%         4

Your spell library contained the following spells:

 Spells                   Type           Power      Damage    Failure   Level
 Dazzling Flash           Conj/Hex       42%        N/A       6%          3

Inventory:

Hand Weapons
 d - a +0 spear {polearm}
   (You found it on level 1 of the Dungeon)
 f - a +0 whip {mace}
   (You took it off a kobold on level 1 of the Dungeon)
 w - a +2 war axe of freezing (weapon) {axe}
   (You found it on level 3 of the Dungeon)
Missiles
 j - 5 atropa-tipped darts {throwing}
 k - 37 arrows
 l - 43 stones {throwing}
 q - 25 bolts
Armour
 a - a +0 robe (worn)
Jewellery
 r - an amulet of the acrobat (around neck)
   (You found it on level 2 of the Dungeon)
Scrolls
 b - a scroll of teleportation {unknown}
 c - 2 scrolls of blinking {unknown}
 e - a scroll of identify {unknown}
 h - a scroll of amnesia {unknown}
 i - a scroll of enchant weapon {unknown}
 n - a scroll of brand weapon {unknown}
 p - a scroll of enchant armour {unknown}
 t - a scroll of fear {unknown}
 v - a scroll of fog {unknown}
Potions
 s - a potion of curing {unknown}
 u - a potion of invisibility {unknown}
 x - a potion of berserk rage {unknown}

Dungeon Overview and Level Annotations

Branches:
Dungeon (4/15)
 Temple: D:4-7

Altars:
Elyvilon
Fedhas
Hepliaklqana
Kikubaaqudgha
Nemelex Xobeh
Qazlal
Xom

Annotations:
D:3 2 transporters, 1 runed translucent door, Crazy Yiuf
D:4 Edmund

############
#.#<........
#.##.####### #.##)###
##.....@# ##.....ho#
#########........#
..........#......#
..........#......#
..........#........
.........##.[.......
.........##....).##..
.................# ..


You could see a black bear and an orc wizard.


Message History

Casting: Magic Dart (safe; 1% risk of failure)
Confirm with . or Enter, or press ? or * to list all spells.
Aiming: Searing Ray (safe; 1% risk of failure)
Press: ? - help, Shift-Dir - straight line, f/p - Edmund
Aim: Edmund, wielding a +4 flail of draining and wearing a +0 chain mail (86% to hit)
The searing ray hits Edmund but does no damage. (Press . to maintain the ray.) 😎 MP[-2]
You lost 2 mp, and now have 10/13 mp.
The searing ray hits Edmund but does no damage. 😎 MP[-1]
You lost 1 mp, and now have 9/13 mp.
Unknown command.
Edmund misses you. 😎 MP[+1] Unknown command.
Things that are here:
a +0 giant spiked club {mace}; an ogre skeleton
Items here: ) [ ††. 😎 MP[+1] Edmund says, "Everyone always remembers my brother. 'Who's Edmund?' they ask!"
There is a stone staircase leading up here.
You fly upwards.
Level annotation: 2 transporters, 1 runed translucent door, Crazy Yiuf
There is a stone staircase leading down here.
You see here a +0 scale mail.
There is a stone staircase leading down here. 😎 MP[+2]
Your mp is fully restored (13).
You fly downwards.
Level annotation: Edmund
There is a stone staircase leading up here.
You see here a +0 dagger {short}.
An orc wizard is nearby!
The magic dart hits the orc wizard but does no damage.
An orc wizard comes into view. It is wielding a +0 dagger. 😎 MP[-1]
You lost 1 mp, and now have 12/13 mp.
The magic dart hits the orc wizard.
The orc wizard shouts!
The orc wizard casts a spell at you.
You are confused.
The orc wizard casts a spell at you. You resist with some effort. 😎 MP[-1]
You lost 1 mp, and now have 11/13 mp.
It was a potion of might.
You feel very mighty all of a sudden.
The orc wizard points at you and mumbles some strange words.
The puff of flame hits you. 😕 HP[-6]
You take 6 damage, and now have 29/35 hp.
It was a potion of haste.
You feel yourself speed up.
It was a potion of attraction.
You feel attractive to monsters. The orc wizard is pulled toward you! x2
The orc wizard is pulled toward you!
You bump into the rock wall.
The orc wizard hits you with a +0 war axe! 😮 HP[-7]
You take 7 damage, and now have 22/35 hp.
You bump into the rock wall.
The orc wizard hits you with a +0 war axe!
* * * LOW HITPOINT WARNING * * *
The orc wizard barely misses you. 😨 HP[-11]
You take 11 damage, and now have 11/35 hp.
MASSIVE DAMAGE!! (PAUSE)
You bump into the rock wall. 😨 MP[+1] Unknown command.
You miss the orc wizard. You closely miss the orc wizard.
The orc wizard gestures at you while chanting.
You resist with some effort. The orc wizard closely misses you.
The black bear is pulled toward you!
You miss the orc wizard. You barely miss the orc wizard.
You feel less confused.
The black bear growls angrily.
The orc wizard hits you with a +0 war axe.
* * * LOW HITPOINT WARNING * * *
The orc wizard points at you and mumbles some strange words.
You are confused.
The black bear is pulled toward you! 😱 HP[-6]
You take 6 damage, and now have 5/35 hp.
You barely miss the orc wizard. Your kick misses the orc wizard.
You slash the orc wizard! You freeze the orc wizard.
You kill the orc wizard!
The orc wizard closely misses you.
Your Dodging skill increases to level 3!
You have reached level 7! 😱 HP[+1]
You now have 40 max hp (+5).
You hit the orc wizard. You claw the orc wizard. You hit the black bear.
You freeze the black bear. The black bear bites you.
* * * LOW HITPOINT WARNING * * *
The black bear barely misses you. The black bear misses you.
The orc wizard points at you and mumbles some strange words.
The magic dart hits you.
You die...

Skill      XL: |  1  2  3  4  5  6 |
---------------+-------------------+-----
Fighting       | 1 2 |  2.0
Conjurations   | 6 7 |  7.4
Spellcasting   | 3 4 |  4.3
Hexes          | 1 |  1.1
Translocations | 1 |  1.1
Dodging        | 3 |  3.0
Stealth        | |  2.0

Action                   |  1- 3 |  4- 6 |  7- 9 || total
-------------------------+-------+-------+-------++-------
Melee: War axe           |       |    16 |     1 ||    17
       Kick              |       |     2 |     1 ||     3
 Cast: Magic Dart        |    53 |    90 |       ||   143
       Searing Ray       |     1 |    13 |       ||    14
  Use: Potion            |       |     3 |       ||     3
Armor: Robe              |     5 |     2 |       ||     7
Dodge: Dodged            |     5 |    23 |     2 ||    30

Levels and vault maps discovered:
D:1:      lightli_arrival_boilingwater, layout_loops_ring,
          dreamdust_ecumenical_altar_drowned_temple
D:2:      layout_rooms, kennysheep_generic_room_2, uniq_terence, uniq_natasha
D:3:      layout_loops_ring, gammafunk_temple_overflow_arena,
          uniq_crazy_yiuf_cottage
D:4:      layout_rooms, nicolae_overflow_quartered_altars, uniq_edmund

Notes
Turn   | Place    | Note
-------+----------+-------------------------------------------
     0 | D:1      | Sobieck the Tengu Conjurer began the quest for the Orb.
     0 | D:1      | Reached XP level 1. HP: 10/10 MP: 4/4
     0 | D:1      | magus.rc [v1.9.6]
   234 | D:1      | Reached XP level 2. HP: 16/16 MP: 3/6
   344 | D:1      | Reached skill level 1 in Fighting
   616 | D:1      | Found a faded altar of an unknown god.
   765 | D:1      | Reached XP level 3. HP: 20/20 MP: 5/7
  1019 | D:1      | Learned a level 2 spell: Searing Ray
  1220 | D:2      | Noticed Terence
  1230 | D:2      | Killed Terence
  1231 | D:2      | Reached skill level 6 in Conjurations
  1231 | D:2      | Reached XP level 4. HP: 26/26 MP: 2/9
  1260 | D:2      | Noticed Natasha
  1339 | D:2      | Killed Natasha
  1340 | D:2      | Reached skill level 2 in Fighting
  1652 | D:2      | Reached skill level 3 in Spellcasting
  1652 | D:2      | Noticed Natasha
  1658 | D:2      | Killed Natasha
  1659 | D:2      | Gained mutation: Your magical nature lets you fly swiftly
                  | and evasively. [Tengu growth]
  1659 | D:2      | Reached XP level 5. HP: 25/30 MP: 4/10
  1756 | D:2      | Noticed Natasha
  1782 | D:2      | Killed Natasha
  2483 | D:3      | Reached skill level 7 in Conjurations
  2638 | D:3      | Found a transporter.
  2643 | D:3      | Found a transporter.
  2650 | D:3      | Noticed a water moccasin
  2650 | D:3      | Noticed a kobold brigand
  2653 | D:3      | Found a shimmering altar of Xom.
  2653 | D:3      | Found a stormy altar of Qazlal.
  2653 | D:3      | Found a sparkling altar of Nemelex Xobeh.
  2693 | D:3      | Reached skill level 4 in Spellcasting
  2698 | D:3      | Learned a level 4 spell: Fulminant Prism
  2703 | D:3      | Learned a level 4 spell: Iskenderun's Mystic Blast
  2883 | D:3      | Found a runed translucent door.
  2884 | D:3      | Noticed Crazy Yiuf
  3067 | D:4      | Reached XP level 6. HP: 35/35 MP: 3/13
  3157 | D:4      | Found a white marble altar of Elyvilon.
  3157 | D:4      | Found an ancient bone altar of Kikubaaqudgha.
  3158 | D:4      | Found a blossoming altar of Fedhas.
  3227 | D:4      | Found a hazy altar of Hepliaklqana.
  3368 | D:4      | Noticed a black bear
  3375 | D:4      | Reached skill level 1 in Hexes
  3376 | D:4      | Noticed Edmund
  3407 | D:4      | Reached skill level 1 in Translocations
  3682 | D:4      | HP: 5/35 [orc wizard (6)]
  3684 | D:4      | Reached skill level 3 in Dodging
  3684 | D:4      | Reached XP level 7. HP: 6/40 MP: 12/14
  3684 | D:4      | Killed from afar by an orc wizard

Vanquished Creatures
  An ogre (D:4)
  A water moccasin skeleton (D:4)
  A wight (D:4)
  Natasha (thrice) (D:2)
  Terence (D:2)
  An orc wizard (D:4)
  3 adders
  4 gnolls (D:3)
  2 dart slugs (D:4)
  3 orcs
  7 bats
  8 endoplasms
  4 giant cockroaches
  4 goblins
  7 hobgoblins
  14 jackals
  7 kobolds
  4 quokkas
  A ball python (D:2)
  5 frilled lizards
  4 rats
  A spectral goblin (D:1)
86 creatures vanquished.

Table legend:
 A = Non-vault XP
 B = Vault XP
 C = Vault XP percentage of total XP
 D = Non-vault monster count
 E = Vault monster count
 F = Vault count percentage of total count
                 A         B        C        D         E       F
            +---------+---------+-------+---------+---------+-------
      Total |     564 |      77 |  12.0 |      81 |       5 |   5.8
            +---------+---------+-------+---------+---------+-------
        D:1 |      33 |       1 |   2.9 |      19 |       1 |   5.0
        D:2 |     105 |      76 |  42.0 |      25 |       4 |  13.8
        D:3 |      90 |       0 |   0.0 |      17 |       0 |   0.0
        D:4 |     336 |       0 |   0.0 |      20 |       0 |   0.0
            +---------+---------+-------+---------+---------+-------

Illustrated notes

Table legend:
 A = Kills in this place as a percentage of kills in entire the game.
 B = Kills by you in this place as a percentage of kills by you in the entire game.
 C = Kills by friends in this place as a percentage of kills by friends in the entire game.
 D = Other kills in this place as a percentage of other kills in the entire game.
 E = Experience gained in this place as a percentage of experience gained in the entire game.
 F = Experience gained in this place divided by the number of levels of this place that you have seen.
                   A       B       C       D       E      F
               +-------+-------+-------+-------+-------+----------------------
         Total | 100.0 | 100.0 |   N/A |   N/A | 100.0 | 160.2
       Dungeon | 100.0 | 100.0 |   N/A |   N/A | 100.0 | 160.2
               +-------+-------+-------+-------+-------+----------------------

Table legend: (Time is in decaauts)
 A = Elapsed time spent in this place.
 B = Non-inter-level travel time spent in this place.
 C = Inter-level travel time spent in this place.
 D = Time resting spent in this place.
 E = Time spent auto-exploring this place.
 F = Levels seen in this place.
 G = Mean time per level.
                   A        B        C        D        E       F      G
               +--------+--------+--------+--------+--------+-----+--------+
         Total |   3601 |   3447 |    154 |    356 |   2678 |   4 |  900.2 |
       Dungeon |   3601 |   3447 |    154 |    356 |   2678 |   4 |  900.2 |
               +--------+--------+--------+--------+--------+-----+--------+

Top non-repeatable levels by time:
     D:3: 1039 daAuts
     D:1: 1033 daAuts
     D:2: 947 daAuts
     D:4: 580 daAuts
